AoeStats
← Lukebeam54

Black Forest

506701635Analyzed
2v2 RM · 17d ago on Sep 14, 2026· 77m 22s· 4 players
Game mode
Random Map
Map size
Medium (4 player)
Population
200
Speed
Normal
Resources
Standard
Victory
Conquest
Starting age
Dark Age
Ending age
Imperial Age
RankedLock teamsTeams togetherTeam positionsShared explorationLock speedFull tech treeHidden civsTurbo modeCheats
Victory
Defeat
🇬🇧 Franks · United Kingdom
580
+15
🇺🇸 Burgundians · United States
513
+26
🇮🇳 Spanish · India
568
-17
🇷🇴 Saracens · Romania
533
-15
Unguru
14:14 Feudal Age
16:14 Horse Collar
16:23 Double-Bit Axe
18:53 Gold Mining
18:57 Stone Mining
25:12 Castle Age
25:08 Scale Mail Armor
26:01 Heavy Plow
26:18 Bow Saw
30:40 Stone Shaft Mining
30:16 Padded Archer Armor
32:09 Wheelbarrow
38:33 Hand Cart
41:35 Imperial Age
40:14 Forging
40:18 Scale Barding Armor
44:47 Chemistry
43:42 Elite Conquistador
57:52 Chain Barding Armor
58:39 Two-Man Saw
61:16 Forging
61:42 Plate Barding Armor
65:23 Iron Casting
66:08 Caravan
66:24 Guilds
craciunvladut3
15:57 Feudal Age
14:42 Loom
17:49 Wheelbarrow
17:04 Double-Bit Axe
17:01 Horse Collar
17:35 Gold Mining
22:03 Castle Age
20:40 Stone Mining
23:27 Hand Cart
23:50 Bow Saw
25:27 Heavy Plow
26:14 Gold Shaft Mining
35:48 Imperial Age
34:43 Forging
34:33 Scale Mail Armor
34:38 Scale Barding Armor
34:41 Light Cavalry
35:32 Bloodlines
35:22 Husbandry
38:32 Ballistics
41:32 Crossbowman
42:17 Thumb Ring
42:32 Chain Mail Armor
42:37 Chain Barding Armor
42:52 Iron Casting
43:07 Elite Mameluke
44:55 Plate Barding Armor
44:51 Plate Mail Armor
44:22 Padded Archer Armor
44:12 Fletching
43:47 Arbalester
58:51 Blast Furnace
57:47 Bodkin Arrow
58:08 Leather Archer Armor
63:02 Hussar
66:19 Caravan
66:49 Coinage
Lukebeam54
10:51 Feudal Age
12:23 Double-Bit Axe
18:18 Horse Collar
18:36 Gold Mining
19:50 Wheelbarrow
23:04 Castle Age
28:02 Man-at-Arms
31:09 Long Swordsman
32:27 Hand Cart
36:32 Imperial Age
38:21 Siphons
39:35 Chemistry
38:54 Elite Coustillier
43:59 Burgundian Vineyards
44:38 Two-Handed Swordsman
45:59 Heavy Plow
47:18 Champion
50:42 Scale Barding Armor
50:48 Forging
50:40 Scale Mail Armor
65:16 Gold Shaft Mining
74:58 Chain Barding Armor
75:14 Iron Casting
74:55 Chain Mail Armor
THE TERMiNAT0RR
0:29 Loom
13:14 Feudal Age
14:40 Wheelbarrow
13:58 Double-Bit Axe
19:59 Castle Age
21:22 Hand Cart
21:20 Bow Saw
32:03 Fletching
32:41 Bodkin Arrow
36:17 Imperial Age
34:09 Husbandry
33:37 Pikeman
34:17 Squires
38:18 Chemistry
36:48 Capped Ram
39:31 Cavalier
40:43 Halberdier
42:37 Conscription
42:50 Elite Throwing Axeman
43:19 Onager
44:51 Chivalry
45:08 Paladin
50:11 Scale Barding Armor
50:18 Forging
54:51 #83
61:23 Caravan
65:55 Light Cavalry
69:58 Iron Casting
69:44 Chain Barding Armor
69:29 Padded Archer Armor
69:32 Scale Mail Armor
Connection lost

Rejoining the realm…

Still unreachable

The connection could not be restored.

Session expired

The server has moved on; the page needs a fresh start.